[Event "Titled Tuesday Blitz June 28 Late 2022"]
[White "Petrovic, Aleksa"]
[Black "Ricaurte Lopez, Juan Carlos"]
[WhiteFideId "967629"]
[BlackFideId "3600327"]
[WhiteElo "2117"]
[BlackElo "2209"]
[Result "1-0"]
[Round "07"]
[TimeControl "180+1"]
[Date "2022.06.29"]
[WhiteClock "0:01:28"]
[BlackClock "0:01:23"]

1. e4 e5 2. Nf3 Nc6 3. Bb5 a6 4. Ba4 Nf6 5. O-O Be7 6. Re1 b5 7. Bb3 O-O 8. d4 Nxd4 9. Nxd4 exd4 10. e5 Ne8 11. c3 d3 12. Qxd3 d6 13. Bc2 g6 14. Bh6 Bf5 15. exd6 Nxd6 16. Qd1 Re8 17. Nd2 Bxc2 18. Qxc2 Nf5 19. Bf4 Bg5 20. Rxe8+ Qxe8 21. Bxg5 Qe2 22. Qe4 Re8 23. Qxe2 Rxe2 24. Kf1 Re6 25. Re1 1-0


[Site "https://www.chess.com"]

[Event "Titled Tuesday Blitz June 28 Late 2022"]
[White "Plazuelo Pascual, Juan"]
[Black "Gaehwiler, Gabriel"]
[WhiteFideId "32059566"]
[BlackFideId "1314530"]
[WhiteElo "2359"]
[BlackElo "2383"]
[Result "1-0"]
[Round "07"]
[TimeControl "180+1"]
[Date "2022.06.28"]
[WhiteClock "0:00:57"]
[BlackClock "0:00:18"]

1. e4 e5 2. Nf3 Nf6 3. Nc3 Nc6 4. d4 exd4 5. Nxd4 Bb4 6. Nxc6 bxc6 7. Bd3 d5 8. Bd2 O-O 9. O-O Bxc3 10. Bxc3 dxe4 11. Bxf6 Qxf6 12. Bxe4 Rb8 13. b3 Rd8 14. Qf3 Qxf3 15. Bxf3 Rd6 16. Rad1 Bd7 17. Rxd6 cxd6 18. Rd1 d5 19. c4 Kf8 20. h3 Ke7 21. cxd5 c5 22. d6+ Kf6 23. Kf1 Rb6 24. Bg4 Bb5+ 25. Ke1 Rb8 26. Rd5 c4 27. d7 cxb3 28. axb3 Bxd7 29. Rxd7 Rxb3 30. Rxa7 g6 31. Be2 Rc3 32. Kd2 Rc5 33. Ke3 Re5+ 34. Kf3 h5 35. Ra3 Rf5+ 36. Kg3 Rg5+ 37. Kh2 Re5 38. Re3 Re7 39. Rxe7 Kxe7 40. Kg3 1-0


[Site "https://www.chess.com"]

[Event "Titled Tuesday Blitz June 28 Late 2022"]
[White "Premnath, R."]
[Black "Capp, Stephen"]
[WhiteFideId "5021928"]
[BlackFideId "2027089"]
[WhiteElo "2610"]
[BlackElo "2153"]
[Result "1-0"]
[Round "07"]
[TimeControl "180+1"]
[Date "2022.06.29"]
[WhiteClock "0:00:08"]
[BlackClock "0:00:02"]

1. d4 Nf6 2. c4 e6 3. Nf3 d5 4. Nc3 Be7 5. Bg5 O-O 6. e3 h6 7. Bxf6 Bxf6 8. Qc2 c6 9. Rd1 Nd7 10. Bd3 Qe7 11. O-O dxc4 12. Bxc4 e5 13. d5 cxd5 14. Nxd5 Qd6 15. e4 Nb6 16. Bb3 Nxd5 17. Rxd5 Qe7 18. Qc5 Qe8 19. Rd3 Bg4 20. h3 b6 21. Qe3 Be6 22. Bd5 Rc8 23. Rfd1 Rc5 24. b4 Rc2 25. a3 Bxd5 26. Rxd5 Qa4 27. R1d2 Rc1+ 28. Kh2 Ra1 29. R5d3 Qe8 30. Rc3 Qe6 31. Rd5 Bg5 32. Qd3 f6 33. g3 h5 34. h4 Bh6 35. Kg2 Ra2 36. Rd6 Qg4 37. Rc7 Bf4 38. Qd5+ Kh8 39. Qxa2 f5 40. Rf7 Rxf7 41. Qxf7 fxe4 42. Rd8+ Kh7 43. Qg8+ Kh6 44. Qh8+ Kg6 45. Rd6+ Kf7 46. Nh2 1-0


[Site "https://www.chess.com"]

[Event "Titled Tuesday Blitz June 28 Late 2022"]
[White "Prydun, Andriy"]
[Black "Khan, Taffin"]
[WhiteFideId "14145898"]
[BlackFideId "19700024"]
[WhiteElo "2063"]
[BlackElo "1997"]
[Result "1-0"]
[Round "07"]
[TimeControl "180+1"]
[Date "2022.06.29"]
[WhiteClock "0:00:18"]
[BlackClock "0:00:35"]

1. e4 c5 2. Nf3 a6 3. a4 Nc6 4. Nc3 d6 5. g3 Nf6 6. Bg2 e5 7. d3 Be7 8. O-O O-O 9. Bg5 Be6 10. Nd2 h6 11. Bxf6 Bxf6 12. Nc4 Nd4 13. Ne3 b5 14. Ncd5 Bxd5 15. Nxd5 b4 16. c3 Nc6 17. cxb4 Nxb4 18. Nxb4 cxb4 19. Rc1 a5 20. Rc6 Qd7 21. Qc2 Rfc8 22. Rc1 Rxc6 23. Qxc6 Qxc6 24. Rxc6 Be7 25. Bh3 Kf8 26. Bd7 Rd8 27. Bc8 Bg5 28. Bb7 Rb8 29. Ba6 Bc1 30. b3 Bd2 31. Rxd6 f6 32. Bc4 Ra8 33. Rd7 Bc3 34. Rf7+ Ke8 35. Rxg7 Bd4 36. Rg8+ Ke7 37. Rxa8 1-0


[Site "https://www.chess.com"]

[Event "Titled Tuesday Blitz June 28 Late 2022"]
[White "Romanchuk, Viktor"]
[Black "Maksimovic, Bojan"]
[WhiteFideId "14109271"]
[BlackFideId "14408120"]
[WhiteElo "2242"]
[BlackElo "2453"]
[Result "0-1"]
[Round "07"]
[TimeControl "180+1"]
[Date "2022.06.28"]
[WhiteClock "0:00:01"]
[BlackClock "0:00:02"]

1. d4 Nf6 2. c4 g5 3. Bxg5 Rg8 4. Nf3 Ne4 5. Bc1 c5 6. dxc5 Qa5+ 7. Nbd2 Nc6 8. g3 Nxc5 9. Bg2 d6 10. O-O Bg7 11. Nb3 Nxb3 12. Qxb3 Bd7 13. Bd2 Qc7 14. Rac1 b6 15. Bc3 Na5 16. Qc2 Bxc3 17. Qxc3 Rc8 18. Qd3 Rg7 19. b3 Nb7 20. Qe3 Kf8 21. Rcd1 Nc5 22. Rd4 Bc6 23. Rfd1 Kg8 24. Nh4 Bxg2 25. Kxg2 Qb7+ 26. Qf3 Qc7 27. Nf5 Rg6 28. h4 Kh8 29. Rg4 Rcg8 30. Rxg6 hxg6 31. Ne3 Qd7 32. h5 g5 33. g4 Qe6 34. Qf5 Ne4 35. Qxe6 fxe6 36. f3 Nc5 37. Nc2 Kg7 38. Nd4 Kf6 39. Nc6 a5 40. Nd4 Na6 41. Kg3 a4 42. Rb1 axb3 43. axb3 Nc5 44. b4 Na6 45. Nc2 Rc8 46. Ne3 Rc7 47. Rb2 Rc8 48. Rb3 Rc7 49. Rb1 Rc8 50. Kf2 Ke5 51. b5 Nc5 52. Ra1 Kf6 53. Ra7 Rh8 54. Ra3 Rc8 55. Ra7 Rb8 56. Ra3 Nd7 57. Ra6 Ne5 58. Ke1 Rc8 59. Rxb6 Nxc4 60. Nxc4 Rxc4 61. Rb8 Rb4 62. b6 Rb1+ 63. Kd2 Rb2+ 64. Ke3 Kg7 65. Kd3 Rb3+ 66. Kc2 Rb5 67. Rb7 Kf7 68. h6 Rc5+ 69. Kd3 Rd5+ 70. Ke3 Rd1 71. Rc7 Rb1 72. b7 e5 73. h7 Kg7 74. Rxe7+ Kh8 75. Rd7 Rxb7 0-1


[Site "https://www.chess.com"]

[Event "Titled Tuesday Blitz June 28 Late 2022"]
[White "Rosen, Eric"]
[Black "Clawitter, Craig"]
[WhiteFideId "2032562"]
[BlackFideId "2023105"]
[WhiteElo "2362"]
[BlackElo "2240"]
[Result "1-0"]
[Round "07"]
[TimeControl "180+1"]
[Date "2022.06.29"]
[WhiteClock "0:00:04"]
[BlackClock "0:00:01"]

1. e4 e6 2. d4 d5 3. e5 c5 4. c3 Qb6 5. Nf3 Nc6 6. Bd3 cxd4 7. O-O Bd7 8. Re1 Nge7 9. h4 g6 10. a3 dxc3 11. Nxc3 Nf5 12. b4 Bg7 13. Bf4 Ncd4 14. Bxf5 Nxf5 15. Rc1 O-O 16. h5 Rac8 17. Qd2 Rc4 18. h6 Bh8 19. Bg5 Rfc8 20. Ne2 Bb5 21. Rxc4 Rxc4 22. Rc1 Qc7 23. Rxc4 Qxc4 24. Qc3 Qxc3 25. Nxc3 Bc6 26. Ne2 Kf8 27. g4 Ne7 28. Ned4 Bd7 29. Bf4 a6 30. g5 Nc6 31. Nxc6 Bxc6 32. Nd4 Ke7 33. Bg3 Kd7 34. f4 Bb5 35. Kf2 Bc6 36. Ke3 Kc7 37. Be1 Kb6 38. Bc3 Bb5 39. Kd2 Bc4 40. Kc2 Kc7 41. Kb2 Kb6 42. Nc2 Kc7 43. Bd4 Kc6 44. Kc3 Kb5 45. Ne3 Ka4 46. Kb2 Kb5 47. Nd1 b6 48. Be3 a5 49. Nc3+ Kc6 50. bxa5 bxa5 51. Bd4 Kb7 52. Na4 Kc6 53. Nc5 Kb5 54. Nd7 Kc6 55. Nf8 f6 56. exf6 Kc7 57. Be5+ Kd8 58. Nxh7 1-0


[Site "https://www.chess.com"]

[Event "Titled Tuesday Blitz June 28 Late 2022"]
[White "Rustemov, Alexander"]
[Black "Jobava, Baadur"]
[WhiteFideId "4119002"]
[BlackFideId "13601520"]
[WhiteElo "2739"]
[BlackElo "2617"]
[Result "0-1"]
[Round "07"]
[TimeControl "180+1"]
[Date "2022.06.28"]
[WhiteClock "0:00:02"]
[BlackClock "0:00:38"]

1. d4 d5 2. c4 dxc4 3. Nf3 Nf6 4. e3 Bg4 5. Bxc4 e6 6. h3 Bh5 7. Nc3 Nc6 8. O-O Bd6 9. Re1 O-O 10. g4 Nxg4 11. hxg4 Bxg4 12. Be2 f5 13. Kg2 Rf6 14. Rh1 Rg6 15. Kf1 Qf6 16. Ne1 Rf8 17. f4 Rh6 18. Rxh6 Qxh6 19. Bxg4 Qh1+ 20. Kf2 Qh4+ 21. Kg2 fxg4 22. Nd3 Qh3+ 23. Kg1 Qg3+ 24. Kf1 g5 25. Qe2 gxf4 26. exf4 Nxd4 27. Qe4 e5 28. Be3 Qh3+ 29. Ke1 Nf3+ 30. Ke2 exf4 31. Nf2 Qg2 32. Qe6+ Kg7 33. Qxg4+ Qxg4 34. Nxg4 fxe3 35. Nxe3 Kg6 36. Rh1 h5 37. Ne4 Be5 38. b4 b5 39. a3 h4 40. Nd5 Nd4+ 41. Kd3 Rf3+ 42. Ne3 Nf5 43. Rg1+ Kh6 44. Re1 h3 0-1


[Site "https://www.chess.com"]

[Event "Titled Tuesday Blitz June 28 Late 2022"]
[White "Sadhwani, Raunak"]
[Black "Keymer, Vincent"]
[WhiteFideId "35093487"]
[BlackFideId "12940690"]
[WhiteElo "2616"]
[BlackElo "2548"]
[Result "1-0"]
[Round "07"]
[TimeControl "180+1"]
[Date "2022.06.28"]
[WhiteClock "0:00:13"]
[BlackClock "0:00:01"]

1. e4 c6 2. Nc3 d5 3. Nf3 dxe4 4. Nxe4 Nf6 5. Qe2 Nxe4 6. Qxe4 Nd7 7. c3 Nf6 8. Qf4 Nd5 9. Qg3 g6 10. d4 Bg7 11. Be2 O-O 12. O-O a5 13. a4 Qd6 14. Ne5 Bf5 15. Re1 c5 16. Bf3 cxd4 17. Nc4 Qxg3 18. hxg3 e6 19. cxd4 Bxd4 20. Bd2 b6 21. Rac1 Rad8 22. b3 h5 23. Red1 Nb4 24. Be3 Bxe3 25. Nxe3 Rxd1+ 26. Bxd1 Rd8 27. Bf3 Rd3 28. Bd1 Be4 29. Nc4 Rd4 30. Nxb6 Na2 31. Ra1 Nc3 32. Bf3 Bd5 33. Rc1 Na2 34. Rc8+ Kg7 35. Nxd5 exd5 36. Rc5 Nb4 37. Rxa5 Rd3 38. Rb5 Rxb3 39. Bxd5 Rb1+ 40. Kh2 Rb2 41. a5 Kf6 42. a6 Ra2 43. Bxa2 1-0


[Site "https://www.chess.com"]

[Event "Titled Tuesday Blitz June 28 Late 2022"]
[White "Samsonkin, Artiom"]
[Black "Carrasco Miranda, Andres"]
[WhiteFideId "13503111"]
[BlackFideId "3405990"]
[WhiteElo "2513"]
[BlackElo "2177"]
[Result "0-1"]
[Round "07"]
[TimeControl "180+1"]
[Date "2022.06.29"]
[WhiteClock "0:00:01"]
[BlackClock "0:00:33"]

1. d4 Nf6 2. Bf4 g6 3. Nc3 d5 4. Qd2 c6 5. Nf3 b5 6. a3 Nbd7 7. Ne5 Bb7 8. g4 Bg7 9. h4 Nxe5 10. Bxe5 Ne4 11. Nxe4 Bxe5 12. Nc5 Qb6 13. e3 Bd6 14. b4 Bc8 15. Be2 a5 16. c3 e5 17. h5 g5 18. h6 axb4 19. cxb4 Bxc5 20. dxc5 Qd8 21. Rh5 Qf6 22. Qb2 Be6 23. f4 gxf4 24. exf4 Qxf4 25. Rxe5 Kd7 0-1


[Site "https://www.chess.com"]

[Event "Titled Tuesday Blitz June 28 Late 2022"]
[White "Shapiro, Daniel"]
[Black "Abdi, Farzad"]
[WhiteFideId "2001780"]
[BlackFideId "2076829"]
[WhiteElo "2268"]
[BlackElo "2332"]
[Result "1-0"]
[Round "07"]
[TimeControl "180+1"]
[Date "2022.06.29"]
[WhiteClock "0:00:50"]
[BlackClock "0:01:23"]

1. d4 Nf6 2. c4 e5 3. dxe5 Ng4 4. Bf4 g5 5. Bd2 Nxe5 6. Bc3 Bg7 7. Nd2 Nbc6 8. e3 O-O 9. Qc2 d5 10. Ngf3 Nxf3+ 11. Nxf3 g4 12. cxd5 Qxd5 13. Bxg7 Kxg7 14. Qc3+ f6 15. Bc4 Qe4 16. Nh4 Ne5 17. Be2 Bd7 18. O-O-O Bc6 19. Rd4 1-0


[Site "https://www.chess.com"]

[Event "Titled Tuesday Blitz June 28 Late 2022"]
[White "Silva, Miguel Antonio Neto"]
[Black "D`Arruda, Ricardo D."]
[WhiteFideId "1911929"]
[BlackFideId "100692"]
[WhiteElo "2204"]
[BlackElo "2434"]
[Result "0-1"]
[Round "07"]
[TimeControl "180+1"]
[Date "2022.06.29"]
[WhiteClock "0:00:02"]
[BlackClock "0:00:14"]

1. f4 d5 2. Nf3 Nc6 3. e3 Nf6 4. Bb5 Bd7 5. b3 g6 6. Bb2 Bg7 7. O-O O-O 8. Bxc6 Bxc6 9. Ne5 Be8 10. d3 Nd7 11. d4 f6 12. Nxd7 Bxd7 13. c4 c6 14. Nc3 Be6 15. cxd5 cxd5 16. Rc1 Qd7 17. Qf3 Rac8 18. h3 Rc7 19. a4 Rfc8 20. Nb5 Rxc1 21. Rxc1 a6 22. Rxc8+ Qxc8 23. Nc3 Qc6 24. g4 Bf7 25. Qd1 e5 26. Ne2 exf4 27. Nxf4 Qe8 28. Kf2 Bf8 29. Qc2 Bd6 30. Ne2 Qd7 31. Bc1 h5 32. gxh5 gxh5 33. Kg2 Kg7 34. Nf4 Bxf4 35. exf4 Bg6 36. Qf2 Be4+ 37. Kh2 Qc6 38. Be3 Qc3 39. Qg3+ Kf7 40. f5 Bxf5 41. Qf4 Be4 42. Kg3 Qxb3 43. Qc7+ Kg6 44. Kf4 Qd3 45. Qd7 Qf1+ 46. Kg3 Qf3+ 47. Kh4 Qxe3 48. Qe8+ Kg7 49. Qe7+ Kg6 50. Qe8+ Kf5 51. Qd7+ Kf4 52. Qd6+ Kf3 53. Qxf6+ Ke2 0-1


[Site "https://www.chess.com"]

[Event "Titled Tuesday Blitz June 28 Late 2022"]
[White "Silvestre, Christian"]
[Black "Isajevsky, Anton"]
[WhiteFideId "30956269"]
[BlackFideId "4142500"]
[WhiteElo "2351"]
[BlackElo "2510"]
[Result "1/2-1/2"]
[Round "07"]
[TimeControl "180+1"]
[Date "2022.06.29"]
[WhiteClock "0:00:09"]
[BlackClock "0:00:02"]

1. Nf3 c5 2. c3 b6 3. d4 Bb7 4. Bf4 Nf6 5. e3 g6 6. h3 Bg7 7. a4 O-O 8. Nbd2 d6 9. Bh2 a6 10. Bd3 Nbd7 11. Qe2 Ra7 12. O-O Qa8 13. Rfd1 Rc8 14. Bc4 h6 15. Nh4 Kf8 16. Bd3 Ne4 17. Nxe4 Bxe4 18. Nf3 Bxf3 19. gxf3 d5 20. Kh1 e5 21. dxe5 Bxe5 22. f4 Bg7 23. Kg1 Re8 24. Bc2 Nf6 25. Qf3 Rd7 26. Rd2 Red8 27. Rad1 Qc6 28. h4 b5 29. axb5 axb5 30. f5 gxf5 31. Qxf5 Qe6 32. Qf3 Ne4 33. Bxe4 dxe4 34. Qe2 c4 35. Rxd7 Rxd7 36. Bg3 Rd3 37. Ra1 Qd5 38. Qg4 Kg8 39. Kg2 Kh7 40. Ra7 h5 41. Qc8 Kg6 42. Ra6+ f6 43. Ra8 Qf5 44. Qe8+ Kh7 45. Qg8+ Kg6 46. Qe8+ Kh7 47. Kh2 Rd2 48. Kg1 Rd1+ 49. Kh2 Rd2 50. Qg8+ Kg6 51. Qe8+ Kh7 1/2-1/2


[Site "https://www.chess.com"]

[Event "Titled Tuesday Blitz June 28 Late 2022"]
[White "Siniauski, Artsiom"]
[Black "Rios Escobar, Adan"]
[WhiteFideId "13512269"]
[BlackFideId "3403645"]
[WhiteElo "2606"]
[BlackElo "2466"]
[Result "1-0"]
[Round "07"]
[TimeControl "180+1"]
[Date "2022.06.29"]
[WhiteClock "0:00:53"]
[BlackClock "0:00:03"]

1. e4 c5 2. Nf3 d6 3. c3 Nf6 4. Be2 g6 5. O-O Bg7 6. Re1 O-O 7. Bf1 Nc6 8. h3 e5 9. a4 h6 10. Na3 Be6 11. d3 Re8 12. Bd2 d5 13. exd5 Bxd5 14. Be3 b6 15. Nc4 e4 16. dxe4 Bxe4 17. Bf4 Qd5 18. Nd6 Bxf3 19. Qxf3 Rxe1 20. Rxe1 Qxf3 21. gxf3 Nd5 22. Bg3 g5 23. Bc4 Nf4 24. Bxf4 gxf4 25. Bxf7+ Kf8 26. Bh5 Ne5 27. Nf5 Bf6 28. Nxh6 Rd8 29. Kg2 Rd2 30. Ng4 Nxg4 31. fxg4 Bh4 32. Kf3 Rxf2+ 33. Ke4 Rxb2 34. Rf1 Re2+ 35. Kxf4 Rf2+ 36. Rxf2 Bxf2 37. c4 Bd4 38. Ke4 Kg7 39. Be8 Kf6 40. h4 Bf2 41. g5+ Kg7 42. h5 Bh4 43. Kf5 Bf2 44. Bc6 Bd4 45. h6+ Kh8 46. Be4 Bc3 47. Ke6 a6 48. Kf7 b5 49. g6 bxc4 50. g7+ Bxg7 51. hxg7# 1-0


[Site "https://www.chess.com"]

[Event "Titled Tuesday Blitz June 28 Late 2022"]
[White "So, Wesley"]
[Black "Khismatullin, Denis"]
[WhiteFideId "5202213"]
[BlackFideId "4142578"]
[WhiteElo "2742"]
[BlackElo "2543"]
[Result "1-0"]
[Round "07"]
[TimeControl "180+1"]
[Date "2022.06.28"]
[WhiteClock "0:00:05"]
[BlackClock "0:00:04"]

1. e4 d6 2. d4 Nf6 3. Nc3 e5 4. Nf3 Nbd7 5. Bc4 Be7 6. O-O O-O 7. a4 c6 8. Re1 exd4 9. Nxd4 Ne5 10. Ba2 Re8 11. h3 Ng6 12. Qf3 Bd7 13. Be3 Qc7 14. Rad1 a6 15. Qg3 b5 16. Nf5 Bxf5 17. exf5 Ne5 18. Bd4 Ned7 19. Ne4 h6 20. Re2 c5 21. Nxf6+ Bxf6 22. Rxe8+ Rxe8 23. Bxf6 Nxf6 24. axb5 axb5 25. Qxd6 Re1+ 26. Kh2 Qxd6+ 27. Rxd6 c4 28. Rb6 Re2 29. Rxb5 Rxc2 30. f3 Nh5 31. Rb4 Nf4 32. Bxc4 Rxg2+ 33. Kh1 Rg3 34. Rb8+ Kh7 35. Bxf7 h5 36. h4 Rxf3 37. b4 Rh3+ 38. Kg1 Rxh4 39. b5 Rh3 40. b6 Rg3+ 41. Kf2 Rg5 42. b7 Rxf5 43. Rh8+ Kxh8 44. b8=Q+ Kh7 45. Qg8+ Kh6 46. Qh8+ Kg5 47. Qxg7+ Ng6+ 48. Ke3 Rf6 49. Kd4 Rf4+ 50. Kc3 Rf3+ 51. Kd2 Rf6 52. Be8 Rd6+ 53. Kc3 Re6 54. Qd7 Re3+ 55. Kd2 Re5 56. Bxg6 Kxg6 57. Qd6+ Kf5 58. Kd3 Re1 59. Qg3 Re5 60. Qh4 Kg6 61. Kd4 Rg5 62. Qh3 Rf5 63. Ke4 Rg5 64. Kf4 Rg4+ 65. Ke5 Rg5+ 66. Ke6 Rg4 67. Qd3+ Kg5 68. Qd2+ Kg6 69. Qd3+ Kg5 70. Qf3 Rf4 71. Qe3 Kg4 72. Ke5 Rf5+ 73. Ke4 Rf6 74. Qg1+ Kh4 75. Qg7 Rf2 76. Qg6 Rf1 77. Ke3 Rf8 78. Qe4+ Kg5 79. Qe7+ Rf6 80. Ke4 Kg6 81. Ke5 Rf5+ 82. Ke6 Rf4 83. Qe8+ Kg5 84. Ke5 Rf5+ 85. Ke4 Rf4+ 86. Ke3 Rf5 87. Qe4 Kf6 88. Qh4+ Kg6 89. Ke4 Rg5 90. Qf2 Rg4+ 91. Ke5 Rg5+ 92. Ke6 Rg4 93. Qf6+ Kh7 94. Kf7 Rg3 95. Qf5+ Kh6 96. Qf4+ Rg5 97. Kf6 1-0


[Site "https://www.chess.com"]

[Event "Titled Tuesday Blitz June 28 Late 2022"]
[White "Tatarinov, Dmitry"]
[Black "Dubov, Daniil"]
[WhiteFideId "24160067"]
[BlackFideId "24126055"]
[WhiteElo "2302"]
[BlackElo "2791"]
[Result "0-1"]
[Round "07"]
[TimeControl "180+1"]
[Date "2022.06.28"]
[WhiteClock "0:01:39"]
[BlackClock "0:02:38"]

1. d4 d5 2. Nf3 e6 3. c4 Nf6 4. g3 Be7 5. Bg2 O-O 6. O-O dxc4 7. Qc2 b5 8. a4 b4 9. Nfd2 Nd5 10. Nxc4 c5 11. e4 Nb6 12. Nbd2 Nc6 13. dxc5 Nd4 14. Qb1 Bxc5 15. e5 Ba6 16. b3 Rc8 17. Bb2 Nxc4 18. bxc4 Ne2+ 0-1


[Site "https://www.chess.com"]

[Event "Titled Tuesday Blitz June 28 Late 2022"]
[White "Thiel, Thomas"]
[Black "Golubev, Mikhail"]
[WhiteFideId "4615964"]
[BlackFideId "14100983"]
[WhiteElo "2256"]
[BlackElo "2374"]
[Result "0-1"]
[Round "07"]
[TimeControl "180+1"]
[Date "2022.06.29"]
[WhiteClock "0:02:28"]
[BlackClock "0:02:20"]

1. e4 c5 2. Nc3 a6 3. g3 Nc6 4. Nge2 g6 5. d4 cxd4 6. Nxd4 Bg7 7. Be3 d6 8. Nxc6 bxc6 9. Bg2 Bd7 10. O-O Nf6 11. Bd4 O-O 12. e5 dxe5 13. Bxe5 Qc8 14. Qd4 Bh3 15. Qc5 Bxg2 16. Kxg2 Nd7 0-1


[Site "https://www.chess.com"]

[Event "Titled Tuesday Blitz June 28 Late 2022"]
[White "Tinmaz, Kerem"]
[Black "Daeschler, Florian"]
[WhiteFideId "44559151"]
[BlackFideId "20678193"]
[WhiteElo "1443"]
[BlackElo "2221"]
[Result "1-0"]
[Round "07"]
[TimeControl "180+1"]
[Date "2022.06.29"]
[WhiteClock "0:01:21"]
[BlackClock "0:00:57"]

1. e4 c5 2. Nc3 d6 3. d4 cxd4 4. Qxd4 Nc6 5. Qd2 g6 6. b3 Bg7 7. Bb2 Nf6 8. O-O-O O-O 9. f3 a6 10. g4 b5 11. Kb1 Bd7 12. h4 h5 13. g5 Ne8 14. Bh3 Nc7 15. f4 Bxh3 16. Nxh3 b4 17. Nd5 Bxb2 18. Kxb2 Nxd5 19. Qxd5 Qc7 20. f5 Kg7 21. f6+ exf6 22. gxf6+ Kg8 23. Qg5 Ne5 24. Qh6 Nd3+ 25. cxd3 Qc3+ 26. Kb1 Qxf6 27. Ng5 Qg7 28. Qxg7+ Kxg7 29. Rc1 Rfd8 30. Rc7 Kf6 31. d4 1-0


[Site "https://www.chess.com"]

[Event "Titled Tuesday Blitz June 28 Late 2022"]
[White "Toncheva, Nadya"]
[Black "Tristan, Leonardo"]
[WhiteFideId "2924056"]
[BlackFideId "113816"]
[WhiteElo "2504"]
[BlackElo "2818"]
[Result "0-1"]
[Round "07"]
[TimeControl "180+1"]
[Date "2022.06.29"]
[WhiteClock "0:00:21"]
[BlackClock "0:02:02"]

1. e4 d5 2. exd5 Qxd5 3. Nf3 Bg4 4. Be2 Nc6 5. d4 O-O-O 6. c4 Qf5 7. Be3 Bxf3 8. Bxf3 Nxd4 9. Bg4 Nc2+ 10. Qxc2 Qxg4 11. O-O a6 12. Nc3 Nf6 13. Rad1 Rxd1 14. Rxd1 e6 15. Qd3 Be7 16. f3 Qg6 17. Qe2 Rd8 18. b4 Rxd1+ 19. Qxd1 Bxb4 20. Na4 Qf5 21. Qd4 Qb1+ 22. Kf2 Qe1# 0-1


[Site "https://www.chess.com"]

[Event "Titled Tuesday Blitz June 28 Late 2022"]
[White "Urbina Perez, Juan Antonio"]
[Black "Gabdushev, Ruslan"]
[WhiteFideId "2217368"]
[BlackFideId "4137833"]
[WhiteElo "2192"]
[BlackElo "2312"]
[Result "1-0"]
[Round "07"]
[TimeControl "180+1"]
[Date "2022.06.29"]
[WhiteClock "0:01:41"]
[BlackClock "0:00:20"]

1. e4 Nc6 2. Nf3 d6 3. d4 Bg4 4. Bb5 a6 5. Bxc6+ bxc6 6. Nc3 e6 7. h3 Bh5 8. Be3 Qb8 9. Rb1 a5 10. a3 Nf6 11. Bg5 Nd7 12. Qd3 h6 13. Bd2 d5 14. exd5 cxd5 15. Qb5 Bg6 16. Rc1 Bd6 17. O-O Ke7 18. Qe2 c6 19. Nh4 Bh7 20. f4 Qb6 21. Be3 Qxb2 22. Nd1 Be4 23. Nxb2 1-0


[Site "https://www.chess.com"]

[Event "Titled Tuesday Blitz June 28 Late 2022"]
[White "Vlassov, Nikolai"]
[Black "Gatterer, Florian"]
[WhiteFideId "4103360"]
[BlackFideId "811688"]
[WhiteElo "2407"]
[BlackElo "2218"]
[Result "1-0"]
[Round "07"]
[TimeControl "180+1"]
[Date "2022.06.29"]
[WhiteClock "0:00:05"]
[BlackClock "0:00:05"]

1. e4 e5 2. Bc4 Nf6 3. d3 Nc6 4. Nf3 Bc5 5. Bg5 h6 6. Bh4 g5 7. Bg3 d6 8. Nfd2 Be6 9. h4 g4 10. h5 Qd7 11. Nc3 Nh7 12. Bh4 Rg8 13. Nd5 Na5 14. b4 Bxd5 15. Bxd5 Bxb4 16. Rb1 Bc5 17. Nb3 Nxb3 18. Bxb3 Ng5 19. Qd2 O-O-O 20. a4 Rg7 21. a5 a6 22. c3 f5 23. exf5 Qxf5 24. Bxg5 Rxg5 25. Bd5 c6 26. Be4 Qf6 27. g3 Rf8 28. Rh2 d5 29. Bh1 Rf5 30. Rb2 Ba7 31. c4 dxc4 32. dxc4 Rd8 33. Qe2 Rf3 34. Bxf3 gxf3 35. Qe4 Rd4 36. Qg6 Qd8 37. Qe6+ Kb8 38. Qxe5+ Ka8 39. Rb1 Rd7 40. Kf1 Re7 41. Qc3 Bd4 42. Qxf3 Qe8 43. Rh4 Rf7 44. Qe4 Rxf2+ 45. Ke1 Qd8 46. Qxd4 Qf8 47. Rf4 Rxf4 48. Qxf4 Qa3 49. Kf2 Qa2+ 50. Kf3 Qxb1 51. Qxh6 Qd3+ 52. Kg2 Qxc4 53. Qf8+ Ka7 54. Qf2+ Ka8 55. Qf4 Qd5+ 56. Kf2 Qxh5 57. Qc7 Qf5+ 58. Kg2 Qc2+ 59. Kh3 Qf5+ 60. g4 Qf3+ 61. Kh4 Qf6+ 62. Kh5 Qf3 63. Kg5 Qe3+ 64. Kh5 Qh3+ 65. Kg5 Qg2 66. Kf5 Qf3+ 67. Kg5 Qe3+ 68. Qf4 Qe7+ 69. Qf6 Qe3+ 70. Kg6 Qe4+ 71. Qf5 Qe2 72. Kh6 Ka7 73. g5 Qh2+ 74. Kg7 Qe2 75. Qc5+ Ka8 76. g6 Qg4 77. Kh7 Qf5 78. Qxf5 Ka7 79. g7 Kb8 80. g8=Q+ Ka7 81. Qge6 c5 82. Qd7 Ka8 83. Qxc5 Kb8 84. Qcc7+ Ka8 85. Qxb7# 1-0


[Site "https://www.chess.com"]

[Event "Titled Tuesday Blitz June 28 Late 2022"]
[White "Voege, Tobias"]
[Black "Vidonyak, Roman"]
[WhiteFideId "1270513"]
[BlackFideId "14100622"]
[WhiteElo "2379"]
[BlackElo "2346"]
[Result "1-0"]
[Round "07"]
[TimeControl "180+1"]
[Date "2022.06.29"]
[WhiteClock "0:00:14"]
[BlackClock "0:00:08"]

1. e4 c5 2. Nf3 d6 3. d4 cxd4 4. c3 d3 5. Bxd3 g6 6. c4 Bg7 7. Nc3 Nf6 8. O-O O-O 9. h3 Nc6 10. Be3 h6 11. a3 Be6 12. Rc1 Rc8 13. b4 Nd7 14. Nd5 Bxd5 15. cxd5 Nce5 16. Nxe5 Nxe5 17. Be2 a6 18. Qd2 Kh7 19. f4 Nd7 20. Rxc8 Qxc8 21. Rc1 Qb8 22. Bf3 Rc8 23. g4 b5 24. Kg2 Rc4 25. Be2 Rc7 26. Rc6 Rxc6 27. dxc6 Nb6 28. Qc2 Nc8 29. c7 Qb7 30. Bf3 e6 31. f5 Be5 32. g5 h5 33. fxg6+ fxg6 34. Bf2 d5 35. exd5 Qxc7 36. Qxc7+ Bxc7 37. dxe6 Bd6 38. Bb7 Ne7 39. Bxa6 Bf4 40. h4 Bc1 41. Bxb5 Bxa3 42. Bc5 Nf5 43. e7 1-0


[Site "https://www.chess.com"]

[Event "Titled Tuesday Blitz June 28 Late 2022"]
[White "Vusatiuk, Vladimir"]
[Black "Preotu, Razvan"]
[WhiteFideId "14118610"]
[BlackFideId "2613280"]
[WhiteElo "2157"]
[BlackElo "2407"]
[Result "0-1"]
[Round "07"]
[TimeControl "180+1"]
[Date "2022.06.28"]
[WhiteClock "0:00:02"]
[BlackClock "0:00:04"]

1. d4 Nf6 2. c4 g6 3. Nc3 d5 4. cxd5 Nxd5 5. e4 Nxc3 6. bxc3 Bg7 7. Bc4 c5 8. Ne2 Nc6 9. O-O cxd4 10. cxd4 Nxd4 11. Bb2 Nxe2+ 12. Qxe2 O-O 13. Rfd1 Qa5 14. Bxg7 Kxg7 15. Qb2+ Kg8 16. Rd5 Qc7 17. Rc1 Be6 18. Bb3 Qf4 19. Rdd1 Bxb3 20. Qxb3 Qxe4 21. Re1 Rac8 22. Rb1 Qf5 23. Qxb7 Rc2 24. Qxa7 e6 25. a4 Rd8 26. Rf1 Rdd2 27. Ra1 h5 28. a5 h4 29. h3 g5 30. a6 g4 31. hxg4 Qxg4 32. Qe3 Rd8 33. a7 Ra8 34. Ra5 Kf8 35. Rb1 h3 36. Rb8+ Ke7 37. g3 Rc1+ 38. Kh2 Qd1 39. Qa3+ Kf6 40. Qxc1 Qxc1 41. Rxa8 Qf1 42. Rf5+ exf5 43. g4 Qg2# 0-1


[Site "https://www.chess.com"]

[Event "Titled Tuesday Blitz June 28 Late 2022"]
[White "Wang, Isaac"]
[Black "Yurasova, Daria"]
[WhiteFideId "30977185"]
[BlackFideId "34146919"]
[WhiteElo "2311"]
[BlackElo "2021"]
[Result "1-0"]
[Round "07"]
[TimeControl "180+1"]
[Date "2022.06.29"]
[WhiteClock "0:00:43"]
[BlackClock "0:01:24"]

1. d4 d5 2. c4 dxc4 3. Nf3 Nf6 4. e3 e6 5. Bxc4 a6 6. a4 c5 7. O-O Nc6 8. Qe2 cxd4 9. Rd1 Qc7 10. exd4 Be7 11. Nc3 O-O 12. Bg5 Nb4 13. Rac1 Qa5 14. Ne5 h6 15. Bd2 Qd8 16. Ne4 Nbd5 17. Nxf6+ Bxf6 18. Qg4 Kh8 19. Bd3 Ne7 20. Bb4 a5 21. Ba3 Bd7 22. Qe4 g6 23. Qf4 Nd5 24. Qxh6+ Kg8 25. Bxf8 Qxf8 26. Qxf8+ Rxf8 27. Nxd7 1-0


[Site "https://www.chess.com"]